| TOP OF THE 1ST |
|
Quad Cities River Bandits batting - Pitching for Charleston RiverDogs : LHP Colin Scott
|
|
Pitching: LHP Colin Scott
|
|
|
Batting: LHB Bruce Arvizu
|
0-0: Called Strike 0-1: Foul Ball, location: 2F 0-2: Foul Ball, location: 2F 0-2: Ball 1-2: Fly out, F9 (Flyball, 89M, EV 88.1 MPH)
|
|
Batting: LHB Kelvin Jones
|
0-0: Called Strike 0-1: Ball 1-1: Swinging Strike 1-2: Foul Ball, location: 2F 1-2: Strikes out swinging
|
|
Batting: LHB Danny Wolver
|
0-0: Called Strike 0-1: Called Strike 0-2: Strikes out looking
|
| Top of the 1st over - 0 runs, 0 hits, 0 errors, 0 left on base; Quad Cities 0 - Charleston 0 |
| BOTTOM OF THE 1ST |
|
Charleston RiverDogs batting - Pitching for Quad Cities River Bandits : RHP Ray Strehler
|
|
Pitching: RHP Ray Strehler
|
|
|
Batting: LHB Marc Durgin
|
0-0: Swinging Strike 0-1: Ball 1-1: Ball 2-1: Foul Ball, location: 2F 2-2: Fly out, F6 (Line Drive, 6M, EV 65.6 MPH)
|
|
Batting: SHB Corey Penson
|
0-0: Ball 1-0: Fly out, F6 (Line Drive, 6D, EV 72.5 MPH)
|
|
Batting: LHB Justin O'Neal
|
0-0: Swinging Strike 0-1: Ball 1-1: Foul Ball, location: 2F 1-2: Ball 2-2: Ball 3-2: Foul Ball, location: 2F 3-2: Strikes out swinging
|
| Bottom of the 1st over - 0 runs, 0 hits, 0 errors, 0 left on base; Quad Cities 0 - Charleston 0 |
| TOP OF THE 2ND |
|
Quad Cities River Bandits batting - Pitching for Charleston RiverDogs : LHP Colin Scott
|
|
Batting: RHB Alex Campos
|
0-0: Ground out U3 (Groundball, 3S, EV 90.0 MPH)
|
|
Batting: LHB Daigo Ishii
|
0-0: Ball 1-0: Foul Ball, location: 2F 1-1: Ball 2-1: Ball 3-1: Called Strike 3-2: Strikes out swinging
|
|
Batting: RHB Kieron Clark
|
0-0: Ball 1-0: Foul Ball, location: 2F 1-1: Foul Ball, location: 2F 1-2: Ball 2-2: Ball 3-2: Strikes out swinging
|
| Top of the 2nd over - 0 runs, 0 hits, 0 errors, 0 left on base; Quad Cities 0 - Charleston 0 |
| BOTTOM OF THE 2ND |
|
Charleston RiverDogs batting - Pitching for Quad Cities River Bandits : RHP Ray Strehler
|
|
Batting: RHB Mike Zern
|
0-0: Called Strike 0-1: Called Strike 0-2: Ball 1-2: Ball 2-2: SINGLE (Groundball, 6MD, EV 108.8 MPH)
|
|
Batting: LHB Steve LeGrand
|
0-0: Called Strike 0-1: Ball Mike Zern is caught stealing 2nd base 2-6 1-1: Called Strike 1-2: Ball 2-2: Foul Ball, location: 2F 2-2: Ground out 4-3 (Groundball, 4, EV 88.8 MPH)
|
|
Batting: RHB Bill Nguyen-Tan
|
0-0: Ball 1-0: Called Strike 1-1: Called Strike 1-2: Foul Ball, location: 2F 1-2: Ball 2-2: Strikes out looking
|
| Bottom of the 2nd over - 0 runs, 1 hit, 0 errors, 0 left on base; Quad Cities 0 - Charleston 0 |
| TOP OF THE 3RD |
|
Quad Cities River Bandits batting - Pitching for Charleston RiverDogs : LHP Colin Scott
|
|
Batting: LHB Aldo Kok
|
0-0: Ball 1-0: Ground out 4-3 (Groundball, 34, EV 100.0 MPH)
|
|
Batting: LHB Glenn Lowther
|
0-0: Swinging Strike 0-1: Swinging Strike 0-2: Strikes out swinging
|
|
Batting: RHB Ray Souza
|
0-0: Ball 1-0: Called Strike 1-1: Ball 2-1: Swinging Strike 2-2: Ball 3-2: Strikes out swinging
|
| Top of the 3rd over - 0 runs, 0 hits, 0 errors, 0 left on base; Quad Cities 0 - Charleston 0 |
| BOTTOM OF THE 3RD |
|
Charleston RiverDogs batting - Pitching for Quad Cities River Bandits : RHP Ray Strehler
|
|
Batting: LHB Dale Anderson
|
0-0: Ball 1-0: Called Strike 1-1: Ball 2-1: Called Strike 2-2: Ball 3-2: Foul Ball, location: 2F 3-2: Ground out 4-3 (Groundball, 34D, EV 106.9 MPH)
|
|
Batting: RHB Nate Singleton
|
0-0: Ground out 4-3 (Groundball, 4, EV 79.4 MPH)
|
|
Batting: RHB Louwe Starmans
|
0-0: Foul Ball, location: 2F 0-1: Ground out 4-3 (Groundball, 4MS, EV 75.6 MPH)
|
| Bottom of the 3rd over - 0 runs, 0 hits, 0 errors, 0 left on base; Quad Cities 0 - Charleston 0 |
| TOP OF THE 4TH |
|
Quad Cities River Bandits batting - Pitching for Charleston RiverDogs : LHP Colin Scott
|
|
Batting: LHB Bruce Arvizu
|
0-0: Called Strike 0-1: Called Strike 0-2: Foul Ball, location: 2F 0-2: Strikes out swinging
|
|
Batting: LHB Kelvin Jones
|
0-0: Called Strike 0-1: Ball 1-1: Ground out U3 (Groundball, 3L, EV 86.9 MPH)
|
|
Batting: LHB Danny Wolver
|
0-0: Ball 1-0: Swinging Strike 1-1: Foul Ball, location: 2F 1-2: TRIPLE (Flyball, 9LD, EV 113.8 MPH)
|
|
Batting: RHB Alex Campos
|
0-0: Foul Ball, location: 2F 0-1: Foul Ball, location: 2F 0-2: Ball 1-2: Ball 2-2: Ground out 5-3 (Groundball, 56S, EV 88.1 MPH)
|
| Top of the 4th over - 0 runs, 1 hit, 0 errors, 1 left on base; Quad Cities 0 - Charleston 0 |
| BOTTOM OF THE 4TH |
|
Charleston RiverDogs batting - Pitching for Quad Cities River Bandits : RHP Ray Strehler
|
|
Batting: LHB Marc Durgin
|
0-0: Foul Ball, location: 2F 0-1: Foul Ball, location: 2F 0-2: Strikes out swinging
|
|
Batting: SHB Corey Penson
|
0-0: Foul Ball, location: 2F 0-1: Swinging Strike 0-2: Ball 1-2: Ball 2-2: Strikes out looking
|
|
Batting: LHB Justin O'Neal
|
0-0: Called Strike 0-1: Foul Ball, location: 2F 0-2: Foul Ball, location: 2F 0-2: Ball 1-2: Ball 2-2: Ground out 4-3 (Groundball, 4, EV 77.5 MPH)
|
| Bottom of the 4th over - 0 runs, 0 hits, 0 errors, 0 left on base; Quad Cities 0 - Charleston 0 |
| TOP OF THE 5TH |
|
Quad Cities River Bandits batting - Pitching for Charleston RiverDogs : LHP Colin Scott
|
|
Batting: LHB Daigo Ishii
|
0-0: Foul Ball, location: 2F 0-1: Foul Ball, location: 2F 0-2: Ball 1-2: Ball 2-2: Strikes out swinging
|
|
Batting: RHB Kieron Clark
|
0-0: Ball 1-0: Fly out, F8 (Flyball, 8RM, EV 86.9 MPH)
|
|
Batting: LHB Aldo Kok
|
0-0: Called Strike 0-1: Swinging Strike 0-2: Ball 1-2: Foul Ball, location: 2F 1-2: Strikes out swinging
|
| Top of the 5th over - 0 runs, 0 hits, 0 errors, 0 left on base; Quad Cities 0 - Charleston 0 |
| BOTTOM OF THE 5TH |
|
Charleston RiverDogs batting - Pitching for Quad Cities River Bandits : RHP Ray Strehler
|
|
Batting: RHB Mike Zern
|
0-0: Foul Ball, location: 2F 0-1: Swinging Strike 0-2: Ball 1-2: Hit by Pitch
|
|
Batting: LHB Steve LeGrand
|
0-0: Ball 1-0: Ball 2-0: Ball Mike Zern steals 2nd base 3-0: Called Strike 3-1: Base on Balls
|
|
Batting: RHB Bill Nguyen-Tan
|
0-0: Foul Ball, location: 2F 0-1: Ball 1-1: Fielders Choice at 2nd, 1-6 (Groundball, 13S, EV 68.8 MPH) Mike Zern to third
|
|
Batting: LHB Dale Anderson
|
0-0: Fly out, F5 (Popup, 25F, EV 94.4 MPH)
|
|
Batting: RHB Nate Singleton
|
0-0: Ground out 4-3 (Groundball, 4, EV 102.5 MPH)
|
| Bottom of the 5th over - 0 runs, 0 hits, 0 errors, 2 left on base; Quad Cities 0 - Charleston 0 |
| TOP OF THE 6TH |
|
Quad Cities River Bandits batting - Pitching for Charleston RiverDogs : LHP Colin Scott
|
|
Batting: LHB Glenn Lowther
|
0-0: Called Strike 0-1: Ball 1-1: Called Strike 1-2: Foul Ball, location: 2F 1-2: SINGLE (Line Drive, 4M, EV 104.4 MPH)
|
|
Batting: RHB Ray Souza
|
0-0: Ball Glenn Lowther steals 2nd base 1-0: Called Strike 1-1: Called Strike 1-2: SINGLE (Groundball, 6MD, EV 100.0 MPH) Glenn Lowther to third Runner from 3rd tries for Home, SAFE, throw by CF to home Ray Souza to second
|
|
Batting: LHB Bruce Arvizu
|
0-0: Intentional Walk
|
|
Batting: LHB Kelvin Jones
|
0-0: Fly out, F7 (Flyball, 78M, EV 81.2 MPH)
|
|
Batting: LHB Danny Wolver
|
0-0: Ball 1-0: Swinging Strike 1-1: Foul Ball, location: 2F 1-2: Ball 2-2: Ball 3-2: Base on Balls Ray Souza to third Bruce Arvizu to second
|
|
Batting: RHB Alex Campos
|
0-0: Ball 1-0: SINGLE (Groundball, 34D, EV 95.6 MPH) Ray Souza scores Bruce Arvizu to third Danny Wolver to second Runner from 3rd tries for Home, SAFE, throw by RF to home
|
|
Batting: LHB Daigo Ishii
|
0-0: Foul Ball, location: 2F 0-1: Swinging Strike 0-2: Ball 1-2: Ball 2-2: Foul Ball, location: 2F 2-2: SINGLE (Groundball, 34S, EV 71.2 MPH) (infield hit) Danny Wolver to third Alex Campos to second
|
|
Batting: RHB Kieron Clark
|
0-0: Called Strike 0-1: Ball 1-1: Ball 2-1: Grounds into fielders choice 4-2 (Groundball, 6, EV 110.0 MPH) Alex Campos to third Daigo Ishii to second
|
|
Pitching: RHP Austin Trzcinski
|
|
|
Batting: LHB Aldo Kok
|
0-0: Swinging Strike 0-1: Ball 1-1: Ball 2-1: Swinging Strike 2-2: Strikes out looking
|
| Top of the 6th over - 3 runs, 4 hits, 0 errors, 3 left on base; Quad Cities 3 - Charleston 0 |
| BOTTOM OF THE 6TH |
|
Charleston RiverDogs batting - Pitching for Quad Cities River Bandits : RHP Ray Strehler
|
|
Batting: RHB Louwe Starmans
|
0-0: Called Strike 0-1: Swinging Strike 0-2: Fly out, F9 (Flyball, 89S, EV 90.6 MPH)
|
|
Batting: LHB Marc Durgin
|
0-0: Called Strike 0-1: SINGLE (Groundball, 6M, EV 109.4 MPH)
|
|
Batting: SHB Corey Penson
|
0-0: Called Strike 0-1: Called Strike 0-2: Ball 1-2: Ball 2-2: Ball 3-2: Base on Balls Marc Durgin to second
|
|
Batting: LHB Justin O'Neal
|
0-0: Foul Ball, location: 2F 0-1: Ball 1-1: Fly out, F6 (Popup, 6S, EV 69.4 MPH)
|
|
Batting: RHB Mike Zern
|
0-0: Called Strike 0-1: Ball 1-1: Ball 2-1: Ground out 5-3 (Groundball, 56S, EV 68.8 MPH)
|
| Bottom of the 6th over - 0 runs, 1 hit, 0 errors, 2 left on base; Quad Cities 3 - Charleston 0 |
| TOP OF THE 7TH |
|
Quad Cities River Bandits batting - Pitching for Charleston RiverDogs : RHP Austin Trzcinski
|
|
Batting: LHB Glenn Lowther
|
0-0: Ground out U3 (Groundball, 3S, EV 85.6 MPH)
|
|
Batting: RHB Ray Souza
|
0-0: Called Strike 0-1: Ball 1-1: Called Strike 1-2: Ball 2-2: Foul Ball, location: 2F 2-2: Ground out 5-3 (Groundball, 56, EV 104.4 MPH)
|
|
Batting: LHB Bruce Arvizu
|
0-0: Foul Ball, location: 2F 0-1: Fly out, F7 (Flyball, 7S, EV 88.8 MPH)
|
| Top of the 7th over - 0 runs, 0 hits, 0 errors, 0 left on base; Quad Cities 3 - Charleston 0 |
| BOTTOM OF THE 7TH |
|
Charleston RiverDogs batting - Pitching for Quad Cities River Bandits : RHP Ray Strehler
|
|
Batting: LHB Steve LeGrand
|
0-0: Called Strike 0-1: Foul Ball, location: 2F 0-2: Ball 1-2: Ball 2-2: Ground out 1-3 (Groundball, P, EV 71.9 MPH)
|
|
Batting: RHB Bill Nguyen-Tan
|
0-0: Ball 1-0: SINGLE (Line Drive, 5D, EV 95.6 MPH)
|
|
Batting: LHB Dale Anderson
|
0-0: Called Strike 0-1: Ball 1-1: Swinging Strike 1-2: Hit by Pitch Bill Nguyen-Tan to second
|
|
Batting: RHB Nate Singleton
|
0-0: SINGLE (Groundball, 34D, EV 95.6 MPH) Bill Nguyen-Tan to third Dale Anderson to second Runner from 3rd tries for Home, SAFE, throw by RF to home
|
|
Pinch Runner at 2nd Francisco Vargas:
|
|
|
Pinch Hitting: LHB Ernesto Abreu
|
0-0: Ball 1-0: Called Strike Francisco Vargas steals 3rd base 1-1: Ball 2-1: Foul Ball, location: 2F 2-2: Ball 3-2: Foul Ball, location: 2F 3-2: SINGLE (Line Drive, 7LS, EV 100.6 MPH) Francisco Vargas scores Nate Singleton to second
|
|
Pitching: RHP Carlos Zavala
|
|
|
Batting: LHB Marc Durgin
|
0-0: SINGLE (Line Drive, 8LS, EV 96.2 MPH) Nate Singleton to third Ernesto Abreu to second Runner from 3rd tries for Home, SAFE, throw by CF to home
|
|
Batting: SHB Corey Penson
|
0-0: Fielders Choice at 2nd, 1-6 (Groundball, 13S, EV 70.0 MPH) Ernesto Abreu to third
|
|
Batting: LHB Justin O'Neal
|
0-0: Ball 1-0: Foul Ball, location: 2F 1-1: Swinging Strike 1-2: Fielders Choice at 2nd, 5-4 (Groundball, 5L, EV 86.9 MPH)
|
| Bottom of the 7th over - 3 runs, 4 hits, 0 errors, 2 left on base; Quad Cities 3 - Charleston 3 |
| TOP OF THE 8TH |
|
Quad Cities River Bandits batting - Pitching for Charleston RiverDogs : RHP Austin Trzcinski
|
|
Now at 3B: Gonçalo Burhil
|
|
|
Batting: LHB Kelvin Jones
|
0-0: Ball 1-0: DOUBLE (Line Drive, 8RXD, EV 106.9 MPH)
|
|
Batting: LHB Danny Wolver
|
0-0: Intentional Walk
|
|
Batting: RHB Alex Campos
|
0-0: Ball 1-0: Called Strike 1-1: Swinging Strike 1-2: Foul Ball, location: 2F 1-2: Foul Ball, location: 2F 1-2: Ball 2-2: Foul Ball, location: 2F 2-2: Ball 3-2: Foul Ball, location: 2F 3-2: Base on Balls Kelvin Jones to third Danny Wolver to second
|
|
Batting: LHB Daigo Ishii
|
0-0: Ball 1-0: Foul Ball, location: 2F 1-1: Ball 2-1: Foul Ball, location: 2F 2-2: Ball 3-2: Base on Balls Kelvin Jones scores Danny Wolver to third Alex Campos to second
|
|
Pitching: RHP Michel van Kampen
|
|
|
Batting: RHB Kieron Clark
|
0-0: Ball 1-0: Swinging Strike 1-1: Swinging Strike 1-2: Strikes out looking
|
|
Pitching: LHP Alex Pulido
|
|
|
Batting: LHB Aldo Kok
|
0-0: Foul Ball, location: 2F 0-1: Ball 1-1: SINGLE (Flyball, 8RS, EV 98.1 MPH) Danny Wolver scores Alex Campos to third Daigo Ishii to second
|
|
Batting: LHB Glenn Lowther
|
0-0: Foul Ball, location: 2F 0-1: Ball 1-1: Foul Ball, location: 2F 1-2: Foul Ball, location: 2F 1-2: Foul Ball, location: 2F 1-2: Ball 2-2: Foul Ball, location: 2F 2-2: Fly out, F9 (Flyball, 89S, EV 93.8 MPH)
|
|
Batting: RHB Ray Souza
|
0-0: Ball 1-0: Foul Ball, location: 2F 1-1: Swinging Strike 1-2: Ball 2-2: Strikes out swinging
|
| Top of the 8th over - 2 runs, 2 hits, 0 errors, 3 left on base; Quad Cities 5 - Charleston 3 |
| BOTTOM OF THE 8TH |
|
Charleston RiverDogs batting - Pitching for Quad Cities River Bandits : RHP Carlos Zavala
|
|
Batting: RHB Mike Zern
|
0-0: Fly out, F8 (Flyball, 89M, EV 80.0 MPH)
|
|
Batting: LHB Steve LeGrand
|
0-0: Called Strike 0-1: Fly out, F8 (Flyball, 78S, EV 91.9 MPH)
|
|
Batting: RHB Bill Nguyen-Tan
|
0-0: Called Strike 0-1: Ball 1-1: Ball 2-1: Ball 3-1: Called Strike 3-2: Foul Ball, location: 2F 3-2: SOLO HOME RUN (Flyball, 7D, EV 100.6 MPH), Distance : 414 ft
|
|
Batting: RHB Francisco Vargas
|
0-0: Ball 1-0: Ball 2-0: Called Strike 2-1: Ball 3-1: Base on Balls
|
|
Pitching: RHP Gabe Torres
|
|
|
Pinch Hitting: LHB Jeremiah Walker
|
0-0: Ball 1-0: Foul Ball, location: 2F 1-1: Foul Ball, location: 2F 1-2: Foul Ball, location: 2F 1-2: Ground out 4-3 (Groundball, 4, EV 91.2 MPH)
|
| Bottom of the 8th over - 1 run, 1 hit, 0 errors, 1 left on base; Quad Cities 5 - Charleston 4 |
| TOP OF THE 9TH |
|
Quad Cities River Bandits batting - Pitching for Charleston RiverDogs : LHP Alex Pulido
|
|
Now at C: Bobby White
|
|
|
Batting: LHB Bruce Arvizu
|
0-0: Called Strike 0-1: Ball 1-1: Called Strike 1-2: Ground out U3 (Groundball, 3, EV 81.9 MPH)
|
|
Batting: LHB Kelvin Jones
|
0-0: Ball 1-0: Ball 2-0: Foul Ball, location: 2F 2-1: Ball 3-1: Called Strike 3-2: Reached via error on a dropped throw from 1B, E1 (Groundball, 13, EV 78.8 MPH)
|
|
Batting: LHB Danny Wolver
|
0-0: Called Strike 0-1: Ball 1-1: SINGLE (Line Drive, 8RS, EV 98.1 MPH) Kelvin Jones to second
|
|
Batting: RHB Alex Campos
|
0-0: Ball 1-0: Ball 2-0: Fielders Choice at 2nd, 3-6 (Groundball, 34, EV 86.2 MPH) Kelvin Jones to third
|
|
Pinch Hitting: RHB Andrew Pride
|
0-0: Ball 1-0: Called Strike 1-1: Ball 2-1: Foul Ball, location: 2F 2-2: Ball 3-2: Strikes out swinging
|
| Top of the 9th over - 0 runs, 1 hit, 1 error, 2 left on base; Quad Cities 5 - Charleston 4 |
| BOTTOM OF THE 9TH |
|
Charleston RiverDogs batting - Pitching for Quad Cities River Bandits : RHP Gabe Torres
|
|
Now at 2B: Tristan Lewis
|
|
|
Pinch Hitting: LHB Joe Vida
|
0-0: Ball 1-0: Called Strike 1-1: Ball 2-1: Foul Ball, location: 2F 2-2: Foul Ball, location: 2F 2-2: SINGLE (Flyball, 8RS, EV 83.8 MPH)
|
|
Batting: LHB Marc Durgin
|
0-0: Bunted foul 0-1: Bunt missed! 0-2: Ball 1-2: 2-RUN HOME RUN (Flyball, 9LD, EV 91.9 MPH), Distance : 346 ft
|
| Bottom of the 9th over - 2 runs, 2 hits, 0 errors, 0 left on base; Quad Cities 5 - Charleston 6 |
|